 Dungeon Crawl Stone Soup version 0.27-a0-1177-g245c70e (webtiles) character file.

Game seed: 4716323250157333878

58 Meow the Stinger (level 4, 36/36 HPs)
             Began as a Naga Venom Mage on May 16, 2021.
             Quit the game on level 3 of the Dungeon.
             The game lasted 00:06:41 (1679 turns).

Meow the Stinger (Naga Venom Mage)                  Turns: 1679, Time: 00:06:42

Health: 36/36      AC:  4    Str: 11    XL:     4   Next: 1%
Magic:  6/8        EV:  9    Int: 16    God:
Gold:   69         SH:  0    Dex: 11    Spells: 2/9 levels left

rFire    . . .     SeeInvis +   a - +0 spear
rCold    . . .     Faith    .   (no shield)
rNeg     . . .     Spirit   .   e - +0 robe
rPois    +         Reflect  .   k - +2 hat
rElec    .         Harm     .   (no cloak)
rCorr    .         Rampage  .   (no gloves)
Will     .....                  (no barding)
Stlth    ++........             l - amulet of regeneration
HPRegen  1.12/turn              (no ring)
MPRegen  0.11/turn              (no ring)

@: short of breath, very slow
A: AC +1, large, see invisible, deformed body, poison resistance, slowness 2,
spit poison 1, naga tail 1
a: Spit Poison


You were on level 3 of the Dungeon.
You visited 1 branch of the dungeon, and saw 3 of its levels.

You collected 69 gold pieces.

Inventory:

Hand Weapons
 a - a +0 spear (weapon)
Missiles
 b - 18 arrows
 c - 24 bolts
 f - 123 stones (quivered)
 h - 17 sling bullets
Armour
 e - a +0 robe (worn)
 k - a +2 hat (worn)
Jewellery
 l - an amulet of regeneration (around neck)
Potions
 d - a potion of ambrosia {unknown}
 g - a potion of curing
 i - a potion of might {unknown}
 j - a potion of invisibility {unknown}


   Skills:
 - Level 1.5 Dodging
 - Level 3.0 Stealth
 + Level 3.0 Spellcasting
 - Level 1.0 Transmutations
 + Level 5.3 Poison Magic


You had 2 spell levels left.
You knew the following spells:

 Your Spells              Type           Power      Damage    Failure   Level
a - Sting                 Tmut/Pois      48%        1d5       4%          1
c - Mephitic Cloud        Conj/Pois/Air  8%         N/A       26%         3
C - Ignite Poison         Fire/Tmut/Pois 9%         N/A       24%         3

Your spell library contained the following spells:

 Spells                   Type           Power      Damage    Failure   Level
 Poisonous Vapours        Pois/Air       20%        N/A       10%         2
 Summon Small Mammal      Summ           8%         N/A       19%         1
 Call Imp                 Summ           2%         N/A       28%         2
 Olgreb's Toxic Radiance  Pois           19%        N/A       21%         4
 Call Canine Familiar     Summ           2%         N/A       50%         3
 Summon Guardian Golem    Hex/Summ       2%         N/A       50%         3
 Summon Ice Beast         Ice/Summ       2%         N/A       88%         4
 Summon Lightning Spire   Summ/Air       2%         N/A       88%         4


Dungeon Overview and Level Annotations

Branches:
Dungeon (3/15)

Altars:


Innate Abilities, Weirdness & Mutations

Your serpentine skin is tough. (AC +1)
You have supernaturally acute eyesight. (SInv)
Armour fits poorly on your strangely shaped body.
Your system is resistant to poisons. (rPois)
You cover ground very slowly.
You can spit poison.
You have a snake-like lower body.


Message History

There is a stone staircase leading down here.
You climb downwards.
There is a stone staircase leading up here.
You are caught in the web!
l - an amulet of regeneration
There is a web here.
You start putting on your amulet.
You continue putting on your amulet of regeneration. x5
You finish putting on your amulet of regeneration.
The amulet throbs as it attunes itself to your uninjured body.
l - an amulet of regeneration (around neck)
You disentangle yourself.
A frilled lizard comes into view.
Press: ? - help, Shift-Dir - straight line, f - frilled lizard
Aim: a frilled lizard (asleep)
The splash of poison hits the frilled lizard.
The frilled lizard is poisoned.
You kill the frilled lizard!
Unknown command.
You have got your breath back.
You open the door. You open the door.
There is an open door here.
Found a stone staircase leading down.
A quokka comes into view.
Press: ? - help, Shift-Dir - straight line, f - quokka
Aim: a quokka (asleep)
The splash of poison hits the quokka.
The quokka is poisoned.
The quokka is moderately wounded.
Casting: Sting (safe; 4% risk of failure)
Confirm with . or Enter, or press ? or * to list all spells.
Aiming: Sting (safe; 4% risk of failure)
Press: ? - help, Shift-Dir - straight line, f/p - quokka
Aim: a quokka (poisoned, 60% to hit)
The sting hits the quokka.
The quokka looks even sicker.
The quokka is almost dead.
You kill the quokka!
You have reached level 4!
You feel stronger.
Are you sure you want to abandon this character and quit the game? (Confirm with "yes".)

#.###.<.# #.....#
#.......# ##...##
#####...#
##...######.
##.#######..........
#...>.......#######
#########.### #.#
#.# #@# #..†......
#.........
#.........
#.........
#..^......
..........
..........


There were no monsters in sight!

Vanquished Creatures
  An adder (D:2)
  4 ball pythons (D:1)
  6 endoplasms
  3 giant cockroaches
  4 goblins
  3 hobgoblins (D:1)
  6 jackals
  3 kobolds
  A quokka (D:3)
  4 bats
  2 frilled lizards
  6 rats
43 creatures vanquished.

Notes
Turn   | Place    | Note
-------+----------+-------------------------------------------
     0 | D:1      | Meow the Naga Venom Mage began the quest for the Orb.
     0 | D:1      | Reached XP level 1. HP: 15/15 MP: 3/3
    26 | D:1      | Found a faded altar of an unknown god.
   222 | D:1      | Reached XP level 2. HP: 22/22 MP: 1/5
   596 | D:1      | Reached XP level 3. HP: 23/28 MP: 6/6
   600 | D:1      | Learned a level 3 spell: Mephitic Cloud
   604 | D:1      | Learned a level 3 spell: Ignite Poison
   932 | D:2      | Reached skill level 5 in Poison Magic
  1679 | D:3      | Reached XP level 4. HP: 36/36 MP: 6/8
  1679 | D:3      | Quit the game

Illustrated notes

Levels and vault maps discovered:
D:1:      shiori_arrival_elements, layout_rooms, basic_ecumenical_altar,
          minmay_misc_feat_rows, minmay_misc_feat_tiny,
          hangedman_decor_slide_cut, minmay_splitting_lines
D:2:      layout_loops_ring
D:3:      layout_loops_corners, minmay_misc_feat_roman, corner_web_ring,
          columned_hall_lemuel, uniq_sigmund, uniq_ijyb

Skill      XL: |  1  2  3 |
---------------+----------+-----
Poison Magic   | 5 |  5.3
Spellcasting   | 3 |  3.0
Dodging        | |  1.5
Stealth        | |  3.0
Transmutations | |  1.0

Action                   |  1- 3 |  4- 6 || total
-------------------------+-------+-------++-------
Melee: Club              |     2 |       ||     2
       Spear             |     9 |       ||     9
Throw: Stone             |     9 |       ||     9
 Cast: Sting             |    32 |       ||    32
 Abil: Spit Poison       |    40 |       ||    40
  Use: Potion            |     1 |       ||     1
Armor: Robe              |     5 |       ||     5
Dodge: Dodged            |     8 |       ||     8

Table legend: (Time is in decaauts)
 A = Elapsed time spent in this place.
 B = Non-inter-level travel time spent in this place.
 C = Inter-level travel time spent in this place.
 D = Time resting spent in this place.
 E = Time spent auto-exploring this place.
 F = Levels seen in this place.
 G = Mean time per level.
                   A        B        C        D        E       F      G
               +--------+--------+--------+--------+--------+-----+--------+
         Total |   2177 |   2131 |     46 |    265 |   1527 |   3 |  725.7 |
       Dungeon |   2177 |   2131 |     46 |    265 |   1527 |   3 |  725.7 |
               +--------+--------+--------+--------+--------+-----+--------+

Top non-repeatable levels by time:
     D:1: 1152 daAuts
     D:2: 934 daAuts
     D:3: 91 daAuts
